 Dungeon Crawl Stone Soup version 0.20-a0-809-gaf7f668 (webtiles) character file.

665 graki42 the Magician (level 7, -11/38 HPs)
             Began as a Deep Elf Fire Elementalist on Mar 2, 2017.
             Killed by divine providence
             ... invoked by an orc priest
              (16 damage)
             ... on level 5 of the Dungeon.
             The game lasted 00:10:42 (3012 turns).

graki42 the Magician (Deep Elf Fire Elementalist)   Turns: 3012, Time: 00:10:43

Health: -11/38     AC:  6    Str:  7    XL:     7   Next: 31%
Magic:  11/18      EV: 12    Int: 20    God:
Gold:   351        SH:  0    Dex: 15    Spells: 7/18 levels left

rFire    . . .     SeeInvis .   o - +4 quarterstaff (chaos)
rCold    . . .     Gourm    .   y - +0 leather armour (curse)
rNeg     . . .     Faith    .   (shield currently unavailable)
rPois    +         Spirit   .   (no helmet)
rElec    .         Reflect  .   q - +0 cloak
rCorr    .         Harm     .   (no gloves)
MR       .....                  (no boots)
Stlth    ++........             p - amulet of regeneration
Regen    0.6/turn               (no ring)
MPRegen  0.2/turn               i - ring of wizardry

@: no status effects
A: slimy green scales 1, poison resistance
a: no special abilities


You were on level 5 of the Dungeon.
You were not hungry.

You visited 1 branch of the dungeon, and saw 5 of its levels.

You collected 351 gold pieces.

Inventory:

Hand Weapons
 o - a +4 quarterstaff of chaos (weapon)
Armour
 a - a +0 robe
 q - a +0 cloak (worn)
 y - a cursed +0 leather armour (worn)
Jewellery
 i - a ring of wizardry (left hand)
 p - an amulet of regeneration (around neck)
Wands
 h - a wand of flame (18/48)
 v - a wand of iceblast (6/15)
Scrolls
 e - 2 scrolls of immolation
 f - 2 scrolls of amnesia
 g - a scroll of teleportation
 t - 2 scrolls of identify
Potions
 k - 2 potions of might {unknown}
 l - 2 potions of mutation {unknown}
 m - a potion of flight {unknown}
 n - 3 potions of resistance
 u - 3 potions of curing {unknown}
 x - 2 potions of agility {unknown}
Books
 b - a book of Flames

   Spells                             Type                      Level
   a - Flame Tongue                   Conjuration/Fire             1
   b - Throw Flame                    Conjuration/Fire             2
   c - Conjure Flame                  Conjuration/Fire             3
   d - Inner Flame                    Hexes/Fire                   3
   e - Sticky Flame                   Conjuration/Fire             4
   f - Fireball                       Conjuration/Fire             5
Comestibles
 c - 4 bread rations
 d - 6 meat rations
 j - 4 mutagenic chunks of flesh
 r - 2 royal jellies
 s - 4 chunks of flesh


   Skills:
 + Level 1.0 Fighting
 + Level 1.8 Staves
 + Level 2.8 Dodging
 + Level 4.0 Stealth
 + Level 6.2 Spellcasting
 + Level 4.1 Conjurations
 + Level 5.5 Fire Magic


You had 7 spell levels left.
You knew the following spells:

 Your Spells              Type           Power        Failure   Level  Hunger
a - Flame Tongue          Conj/Fire      ####.        1%          1    None
b - Conjure Flame         Conj/Fire      ####....     4%          3    ##.....
c - Inner Flame           Hex/Fire       ###.....     7%          3    ##.....
d - Sticky Flame          Conj/Fire      ####....     10%         4    ####...


Dungeon Overview and Level Annotations

Branches:
Dungeon (5/15)
 Temple: D:4-7

Altars:
Ashenzari
Kikubaaqudgha
Uskayaw


Innate Abilities, Weirdness & Mutations

You are partially covered in slimy green scales. (AC +2)
Your system is resistant to poisons. (rPois)


Message History

Aim: an orc, wielding a hand axe and wearing a leather armour (chance to defeat MR: 85%)
The orc is filled with an inner flame.
Casting: Inner Flame
Confirm with . or Enter, or press ? or * to list all spells.
Aiming: Flame Tongue
Press: ? - help, Shift-Dir - straight line, f/p - orc
Aim: an orc, wielding a hand axe and wearing a leather armour (inner flame)
The flame tongue hits the orc.
The orc is lightly wounded.
The orc priest looks satisfied for a moment.
The orc priest invokes the aid of Beogh against you.
Beogh smites you!
The orc priest invokes the aid of Beogh against you.
Beogh smites you!
The orc priest invokes the aid of Beogh against you.
Beogh smites you!
* * * LOW HITPOINT WARNING * * *
The orc priest calls down the wrath of Beogh upon you.
Beogh smites you!
You die...

...#....##..## ##.............
....#.....##..#####..#..........
#......##....###..#......... .
##............##..##........
..###..............#..##.......
......................###.....#
#...)...............#..########
####....................# ####.
#...).......@.........###....
##....).......o...o........#.
###...............o....##...
##.................####...
##..............#.# #...
###........#####.# ....
########## ..# .... ... .....
.... .....


You could see 2 orc priests and an orc (inner flame).

Vanquished Creatures
  A phantom (D:4)
  A sky beast (D:5)
  An ogre (D:4)
  A scorpion (D:5)
  A howler monkey (D:5)
  2 crimson imps
  The ghost of graki42 the Firebug, a weakling DEFE (D:4)
  Crazy Yiuf (D:3)
  A hound (D:3)
  2 worker ants
  An adder (D:4)
  3 worms
  4 dart slugs
  3 leopard geckos
  8 orcs
  3 ball pythons
  2 giant cockroaches (D:1)
  5 goblins
  9 hobgoblins
  5 jackals
  A quokka (D:3)
  4 bats
  5 frilled lizards
  8 kobolds
  A leopard gecko skeleton (D:4)
  8 rats
82 creatures vanquished.

Notes
Turn   | Place    | Note
-------+----------+-------------------------------------------
     0 | D:1      | graki42 the Deep Elf Fire Elementalist began the quest for the Orb.
     0 | D:1      | Reached XP level 1. HP: 10/10 MP: 6/6
   151 | D:1      | Reached XP level 2. HP: 15/15 MP: 5/8
   423 | D:1      | Reached XP level 3. HP: 11/19 MP: 6/10
   442 | D:1      | Learned a level 3 spell: Conjure Flame
   446 | D:1      | Learned a level 3 spell: Inner Flame
   984 | D:2      | Reached skill level 4 in Spellcasting
  1307 | D:3      | Reached XP level 4. HP: 24/24 MP: 2/12
  1593 | D:3      | Found a hide-covered altar of Uskayaw.
  1595 | D:3      | Noticed a dagger
  1595 | D:3      | Noticed a hand axe
  1624 | D:3      | Found a runed door.
  1663 | D:3      | Noticed Crazy Yiuf
  1691 | D:3      | Killed Crazy Yiuf
  1862 | D:3      | Reached XP level 5. HP: 28/28 MP: 10/14
  2170 | D:4      | Noticed graki42's ghost (weakling DEFE)
  2173 | D:4      | Killed graki42's ghost
  2255 | D:4      | Noticed a phantom
  2275 | D:4      | Killed a phantom
  2275 | D:4      | Reached skill level 5 in Spellcasting
  2275 | D:4      | Reached skill level 5 in Fire Magic
  2312 | D:4      | Learned a level 4 spell: Sticky Flame
  2315 | D:4      | Noticed an ogre
  2336 | D:4      | Reached XP level 6. HP: 24/33 MP: 8/16
  2505 | D:4      | Found an ancient bone altar of Kikubaaqudgha.
  2704 | D:5      | Entered Level 5 of the Dungeon
  2833 | D:5      | Reached skill level 1 in Staves
  2846 | D:5      | Found a shattered altar of Ashenzari.
  2896 | D:5      | Reached skill level 6 in Spellcasting
  2896 | D:5      | Reached XP level 7. HP: 37/37 MP: 13/18
  2951 | D:5      | Gained mutation: Your system is resistant to poisons. (rPois) [mutagenic meat]
  2952 | D:5      | Gained mutation: You are partially covered in slimy green scales. (AC +2) [mutagenic meat]
  2960 | D:5      | Reached skill level 1 in Fighting
  3012 | D:5      | Killed from afar by an orc priest

Vault maps used:
D:1:      dpeg_arrival_snail
D:2:      serial_glass, glass_columns_c, glass_columns_a, due_unseen_surprise,
          item_on_display_a, hangedman_abyss_or_decor_lesser_grid,
          minmay_misc_feat_x, hangedman_decor_growths
D:3:      dancing_weapons_uskayaw, uniq_crazy_yiuf_cottage
D:4:      kennysheep_mini_moat, first_bread
D:5:      nicolae_ashenzari_panopticon

Skill      XL: |  1  2  3  4  5  6  7 |
---------------+----------------------+-----
Fire Magic     | 4 5 |  5.5
Spellcasting   | 4 5 6 |  6.2
Conjurations   | 2 3 4 |  4.1
Stealth        | 3 4 |  4.0
Staves         | 1 |  1.8
Fighting       | 1 |  1.0
Dodging        | |  2.8

Action                   |  1- 3 |  4- 6 |  7- 9 || total
-------------------------+-------+-------+-------++-------
Melee: Quarterstaff      |       |    29 |       ||    29
 Cast: Flame Tongue      |    90 |    62 |    19 ||   171
       Conjure Flame     |       |     2 |       ||     2
       Sticky Flame      |       |     3 |       ||     3
       Inner Flame       |       |       |     1 ||     1
  Use: Scroll            |     4 |     6 |       ||    10
       Potion            |       |     1 |       ||     1
 Stab: Confused          |       |     1 |       ||     1
       Sleeping          |       |     1 |       ||     1
  Eat: Chunk             |     1 |     4 |     4 ||     9
Armor: Robe              |     3 |     8 |       ||    11
       Leather armour    |       |     8 |       ||     8
Dodge: Dodged            |    10 |    32 |     2 ||    44
